 Dungeon Crawl Stone Soup version 0.20.0 (webtiles) character file.

561 SpeedrunTech the Cleaver (level 7, -2/63 HPs)
             Began as a Minotaur Berserker on June 10, 2017.
             Was a Believer of Trog.
             Slain by a howler monkey (5 damage)
             ... on level 6 of the Dungeon.
             The game lasted 00:00:53 (1201 turns).

SpeedrunTech the Cleaver (Minotaur Berserker)       Turns: 1201, Time: 00:00:54

Health: -2/63      AC:  2    Str: 22    XL:     7   Next: 9%
Magic:  6/6        EV: 12    Int:  4    God:    Trog [**....]
Gold:   79         SH:  0    Dex: 11    Spells: 6/6 levels left

rFire    . . .     SeeInvis .   a - +0 hand axe
rCold    . . .     Gourm    .   (no shield)
rNeg     . . .     Faith    .   b - +0 animal skin
rPois    .         Spirit   .   (helmet restricted)
rElec    .         Reflect  .   (no cloak)
rCorr    .         Harm     .   (no gloves)
MR       ++...                  (no boots)
Stlth    +.........             (no amulet)
Regen    1.2/turn               (no ring)
MPRegen  0.1/turn               (no ring)

@: lethally poisoned (-2 -> -2), berserk cooldown, regenerating
A: retaliatory headbutt, horns 2
a: Berserk, Trog's Hand, Burn Spellbooks, Renounce Religion


You were on level 6 of the Dungeon.
You worshipped Trog.
Trog was pleased with you.
You were very hungry.

You visited 1 branch of the dungeon, and saw 6 of its levels.

You collected 79 gold pieces.

Inventory:

Hand Weapons
 a - a +0 hand axe (weapon)
Armour
 b - a +0 animal skin (worn)
Wands
 i - a wand of digging (12/24)
Scrolls
 d - a scroll of magic mapping {unknown}
 e - a scroll of identify {unknown}
 g - a scroll of teleportation {unknown}
Comestibles
 c - 2 bread rations
 j - 3 meat rations
 k - a chunk of flesh


   Skills:
 + Level 6.2 Fighting
 * Level 8.3 Axes
 - Level 2.4 Armour
 - Level 2.1 Dodging


You had 6 spell levels left.
You didn't know any spells.

Dungeon Overview and Level Annotations

Branches:
Dungeon (6/15)
 Temple: D:4-7

Altars:
Yredelemnul

Annotations:
D:5 aesoa's ghost, novice OpMo


Innate Abilities, Weirdness & Mutations

You reflexively headbutt those who attack you in melee.
You have a pair of horns on your head.


Message History

Something hits you.
* * * LOW HITPOINT WARNING * * *
Unknown command.
Unknown command.
It was a potion of cancellation.
Your magical effects are unravelling.
You feel magically purged.
You feel yourself speed up.
Your resistance to elements expires.
You feel sick. The howler monkey barely misses you. You furiously retaliate!
You headbutt the howler monkey. The adder barely misses you.
Something hits you but does no damage.
The howler monkey hoots and howls with incredible vigour!
The adder closely misses you.
Unknown command.
Your skin crawls.
You feel resistant to hostile enchantments.
You feel somewhat more hungry. Something hits you.
* * * LOW HITPOINT WARNING * * *
The quokka barely misses you. The howler monkey hits you.
You die...

..............#....##.#
...............#....##.#
...............#.....#..
.....$.....)...#.....#.#
...........))..#.....###
...............#........
.........).....#....###.
......rh{......###### #.
.......@......## #.
.......S.....## #.
.............# #.
.............+ #.
.............# ##.
######.#.###.# #.. #.#..
..# ### #. .# .# #.. #.#


You could see a howler monkey, an adder and a quokka.

Vanquished Creatures
  Grinder (D:4)
  An ice beast (D:5)
  An ogre (D:6)
  An orc priest (D:6)
  A bullfrog skeleton (D:5)
  Ijyb (D:3)
  2 orc wizards
  A hound zombie (D:6)
  An adder (D:2)
  6 orcs
  3 giant cockroaches
  A goblin (D:3)
  4 jackals (D:5)
  2 bats
  5 kobolds (D:2)
  A rat (D:1)
32 creatures vanquished.

Notes
Turn   | Place    | Note
-------+----------+-------------------------------------------
     0 | D:1      | SpeedrunTech the Minotaur Berserker began the quest for the Orb.
     0 | D:1      | Reached XP level 1. HP: 19/19 MP: 0/0
   197 | D:2      | Reached skill level 4 in Axes
   290 | D:2      | Reached XP level 2. HP: 15/27 MP: 1/1
   475 | D:3      | Noticed Ijyb
   486 | D:3      | Killed Ijyb
   486 | D:3      | Reached skill level 5 in Axes
   486 | D:3      | Reached XP level 3. HP: 33/33 MP: 2/2
   652 | D:4      | Noticed Grinder
   661 | D:4      | Killed Grinder
   661 | D:4      | Reached skill level 5 in Fighting
   661 | D:4      | Reached skill level 6 in Axes
   661 | D:4      | Reached XP level 4. HP: 42/42 MP: 3/3
   661 | D:4      | Reached XP level 5. HP: 48/48 MP: 4/4
   769 | D:5      | Entered Level 5 of the Dungeon
   773 | D:5      | Found a basalt altar of Yredelemnul.
   805 | D:5      | Reached skill level 7 in Axes
   820 | D:5      | Noticed an ice beast
   827 | D:5      | Killed an ice beast
   827 | D:5      | Reached XP level 6. HP: 49/56 MP: 5/5
   832 | D:5      | Noticed aesoa's ghost (novice OpMo)
  1184 | D:6      | Reached ** piety under Trog
  1184 | D:6      | Reached skill level 8 in Axes
  1190 | D:6      | Reached XP level 7. HP: 48/63 MP: 6/6
  1199 | D:6      | HP: 6/63 [adder (2)]
  1201 | D:6      | Slain by a howler monkey

Skill      XL: |  1  2  3  4  5  6 |
---------------+-------------------+-----
Axes           | 4 5 6 7 8 |  8.3
Fighting       | 4 5 6 |  6.2
Armour         | |  2.4
Dodging        | |  2.1

Action                   |  1- 3 |  4- 6 |  7- 9 || total
-------------------------+-------+-------+-------++-------
Melee: Hand axe          |    20 |    35 |     5 ||    60
       Headbutt          |     4 |     7 |       ||    11
Invok: Berserk           |     2 |     2 |       ||     4
       Trog's Hand       |       |       |     1 ||     1
  Use: Potion            |       |       |     2 ||     2
  Eat: Chunk             |       |     3 |       ||     3
Armor: Animal skin       |     3 |     6 |     4 ||    13
Dodge: Dodged            |    21 |    25 |    16 ||    62
